 Dungeon Crawl Stone Soup version 0.23-a0-378-gd7a6ca6 (webtiles) character file.

3364 smcx the Fighter (level 9, -1/85 HPs)
             Began as a Minotaur Berserker on Oct 27, 2018.
             Was a High Priest of Trog.
             Killed by nerve-wracking pain
             ... invoked by an orc priest
              (6 damage)
             ... on level 8 of the Dungeon.
             The game lasted 00:33:43 (7814 turns).

smcx the Fighter (Minotaur Berserker)               Turns: 7814, Time: 00:33:45

Health: -1/85      AC: 14    Str: 28    XL:     9   Next: 73%
Magic:  8/8        EV: 10    Int:  8    God:    Trog [*****.]
Gold:   299        SH:  4    Dex: 14    Spells: 8/8 levels left

rFire    + . .     SeeInvis .   E - +11 mace "Uwone" {drain, +Rage MR+ Dex+2}
rCold    . . .     Gourm    .   (no shield)
rNeg     + . .     Faith    .   t - +0 chain mail
rPois    +         Spirit   .   (helmet restricted)
rElec    .         Reflect  +   C - +2 cloak {rPois}
rCorr    .         Harm     .   (no gloves)
MR       +....                  (no boots)
Stlth    ..........             I - +4 amulet of reflection
HPRegen  0.24/turn              H - ring of the Slug {rF+ rN+ Str+3 Int+4}
MPRegen  0.11/turn              y - +2 ring of dexterity

@: no status effects
A: retaliatory headbutt, horns 2
a: Berserk, Trog's Hand, Brothers in Arms, Renounce Religion, Evoke Berserk Rage


You were on level 8 of the Dungeon.
You worshipped Trog.
Trog was extremely pleased with you.
You were not hungry.

You visited 2 branches of the dungeon, and saw 9 of its levels.

You collected 479 gold pieces.
You spent 180 gold pieces at shops.

Inventory:

Hand Weapons
 n - a +0 war axe
 u - a +0 war axe
 z - a +0 war axe
 D - a +0 morningstar
 E - the +11 mace "Uwone" (weapon) {drain, +Rage MR+ Dex+2}
   (You found it on level 6 of the Dungeon)

   A truly terrible weapon, it drains the life of those it strikes.
   It affects your dexterity (+2).
   It affects your resistance to hostile enchantments.
   It lets you go berserk.
Missiles
 m - 2 throwing nets (quivered)
Armour
 a - a +0 scale mail
 b - the +4 robe "Fumibugg" {MR+ rCorr Int+3}
   (You found it on level 6 of the Dungeon)

   It affects your intelligence (+3).
   It affects your resistance to hostile enchantments.
   It provides partial protection from all sources of acid and corrosion.
 t - a +0 chain mail (worn)
 C - a +2 cloak of poison resistance (worn)
Jewellery
 d - an uncursed ring of fire
 y - a +2 ring of dexterity (right hand)
 H - the ring of the Slug (left hand) {rF+ rN+ Str+3 Int+4}
   (You bought it in a shop on level 7 of the Dungeon)

   [ring of positive energy]

   It affects your strength (+3).
   It affects your intelligence (+4).
   It protects you from fire.
   It protects you from negative energy.
 I - a +4 amulet of reflection (around neck)
 J - a +5 ring of intelligence
Wands
 e - a wand of digging (14)
 s - a wand of enslavement (5)
 G - a wand of flame (60)
 M - a wand of paralysis (16)
Scrolls
 f - 7 scrolls of teleportation {unknown}
 g - 2 scrolls of fog {unknown}
 i - 5 scrolls of remove curse
 j - 2 scrolls of enchant weapon {unknown}
 l - 6 scrolls of identify
 x - 2 scrolls of blinking {unknown}
 A - 2 scrolls of noise {unknown}
 B - a scroll of fear {unknown}
 F - a scroll of random uselessness {unknown}
 L - a scroll of enchant armour {unknown}
Potions
 h - a potion of might
 k - 3 potions of heal wounds
 o - 2 potions of haste {unknown}
 p - a potion of ambrosia {unknown}
 q - 3 potions of flight
 r - 4 potions of agility
 v - a potion of brilliance {unknown}
 w - a potion of curing {unknown}
Comestibles
 c - 11 rations
 K - 6 chunks of flesh


   Skills:
 + Level 9.9 Fighting
 - Level 9.0(9.7) Axes
 * Level 5.9(8.2) Maces & Flails
 + Level 9.6 Armour
 - Level 2.1 Dodging


You had 8 spell levels left.
You didn't know any spells.
Your spell library was empty.

Dungeon Overview and Level Annotations

Branches:
Dungeon (8/15)             Temple (1/1) D:6
   Lair: D:8-11

Altars:
Ashenzari
Cheibriados
Dithmenos
Elyvilon
Fedhas
Gozag
Hepliaklqana
Kikubaaqudgha
Makhleb
Okawaru
Qazlal
Ru
Sif Muna
Trog
Uskayaw
Vehumet
Wu Jian
Zin
The Shining One

Shops:
D:6 *   D:7 *

Annotations:
D:8 1 transporter


Innate Abilities, Weirdness & Mutations

You reflexively headbutt those who attack you in melee.
You have a pair of horns on your head.


Message History

Pain shoots through your body! The white imp barely misses you.
The orc priest calls down the wrath of Beogh upon you.
Beogh smites you!
You open the door.
The orc priest calls down the wrath of Beogh upon you.
Beogh smites you!
* * * LOW HITPOINT WARNING * * *
The white imp gestures at you. The puff of frost hits you!
* * * LOW HITPOINT WARNING * * *
The neqoxec gestures.
The ufetubus hits you but does no damage.
The ufetubus barely misses you.
The orc priest invokes the aid of Beogh against you.
Beogh smites you!
* * * LOW HITPOINT WARNING * * *
The orc priest mumbles some strange prayers to Beogh against you.
Pain shoots through your body!
You die...

######.##..#
#<.....##..#
###################..#
#.................#...
#.###############.#...
#.#8≈#55.o...#P8#.#...
###.#P.#≈≈≈≈≈≈≈#.P#.#...
....#$)#.5≈≈≈..#..#...##
#..o#©.@.53♣≈..'.©#©..#
##..#$:#5.P≈≈..#..#..##
##.#P.#≈≈≈≈≈≈≈#.P#.##
#.#8≈#5K5.o5o#P8#.#
#.###############.#
#.................#
###################


You could see a kobold demonologist, a neqoxec, an orc warrior, 2 iron imps, 3
orc priests, a white imp, 4 shadow imps and an ufetubus.

Vanquished Creatures
  Grinder (D:6)
  Edmund (D:6)
  A water moccasin (D:6)
  An acid dragon (D:7)
  2 sky beasts
  Duvessa (D:7)
  An orc warrior (D:7)
  An ice beast (D:6)
  A necrophage (D:8)
  An ogre (D:4)
  2 centaurs
  2 bullfrogs (D:7)
  Dowan (D:7)
  5 scorpions
  5 killer bees (D:7)
  7 howler monkeys
  A crimson imp (D:5)
  4 orc priests
  2 hounds
  3 jellies
  Crazy Yiuf (D:6)
  2 bullfrog skeletons
  Jessica (D:2)
  Ijyb (D:3)
  An iguana (D:6)
  5 worker ants
  Natasha (thrice) (D:4)
  5 orc wizards
  2 hound skeletons (D:4)
  A worker ant zombie (D:7)
  Robin (D:3)
  6 adders
  9 gnolls
  3 oozes
  A worm (D:2)
  2 dart slugs
  4 leopard geckos
  37 orcs
  4 ball pythons
  A giant cockroach (D:2)
  11 goblins
  12 hobgoblins
  6 jackals
  3 quokkas
  10 bats
  7 frilled lizards
  A giant cockroach zombie (D:5)
  9 kobolds
  A leopard gecko skeleton (D:5)
  6 rats
  A plant (D:8)
200 creatures vanquished.

Notes
Turn   | Place    | Note
-------+----------+-------------------------------------------
     0 | D:1      | smcx the Minotaur Berserker began the quest for the Orb.
     0 | D:1      | Reached XP level 1. HP: 19/19 MP: 0/0
   142 | D:1      | Reached XP level 2. HP: 19/27 MP: 1/1
   250 | D:1      | You fall through a shaft!
   473 | D:2      | Found a radiant altar of Vehumet.
   539 | D:1      | Reached ** piety under Trog
   539 | D:1      | Reached XP level 3. HP: 33/33 MP: 2/2
   814 | D:1      | Reached XP level 4. HP: 41/41 MP: 3/3
  1392 | D:2      | Found an opulent altar of Gozag.
  1409 | D:2      | Found a sacrificial altar of Ru.
  1488 | D:2      | Noticed Jessica
  1501 | D:2      | Killed Jessica
  1909 | D:2      | Reached skill level 5 in Fighting
  2075 | D:3      | Noticed Robin
  2078 | D:3      | Reached XP level 5. HP: 48/48 MP: 4/4
  2087 | D:3      | Killed Robin
  2087 | D:3      | Reached skill level 5 in Axes
  2097 | D:3      | Reached *** piety under Trog
  2632 | D:3      | Noticed Ijyb
  2673 | D:3      | Killed Ijyb
  2968 | D:4      | Reached XP level 6. HP: 56/56 MP: 5/5
  2977 | D:4      | Reached skill level 5 in Armour
  3185 | D:4      | Found an ornate altar of the Wu Jian Council.
  3372 | D:4      | Noticed Natasha
  3379 | D:4      | Killed Natasha
  3379 | D:4      | Reached XP level 7. HP: 63/63 MP: 6/6
  3418 | D:4      | Noticed Natasha
  3431 | D:4      | Killed Natasha
  3509 | D:4      | Noticed Natasha
  3521 | D:4      | Killed Natasha
  3565 | D:4      | Reached **** piety under Trog
  3993 | D:5      | Entered Level 5 of the Dungeon
  4351 | D:5      | Found a snail-covered altar of Cheibriados.
  4491 | D:5      | Reached XP level 8. HP: 69/73 MP: 7/7
  5021 | D:6      | Noticed Grinder
  5022 | D:6      | Paralysed by Grinder for 7 turns
  5035 | D:6      | Killed Grinder
  5294 | D:6      | Found a runed door.
  5349 | D:6      | Got a heavy robe
  5350 | D:6      | Identified the +4 robe "Fumibugg" {MR+ rCorr Int+3} (You
                  | found it on level 6 of the Dungeon)
  5374 | D:6      | Found a staircase to the Ecumenical Temple.
  5422 | Temple   | Entered the Ecumenical Temple
  5682 | D:6      | Found Omihub's General Store.
  6040 | D:6      | Noticed Edmund
  6053 | D:6      | Killed Edmund
  6053 | D:6      | Reached XP level 9. HP: 82/82 MP: 8/8
  6154 | D:6      | Found a burning altar of Makhleb.
  6276 | D:6      | Noticed Crazy Yiuf
  6278 | D:6      | Killed Crazy Yiuf
  6283 | D:6      | Got a crude mace
  6284 | D:6      | Identified the +11 mace "Uwone" {drain, +Rage MR+ Dex+2}
                  | (You found it on level 6 of the Dungeon)
  6421 | D:7      | Found a hazy altar of Hepliaklqana.
  6488 | D:7      | Reached ***** piety under Trog
  6490 | D:7      | Reached skill level 1 in Maces & Flails
  6842 | D:7      | Found a glowing golden altar of the Shining One.
  6842 | D:7      | Found a bloodstained altar of Trog.
  6955 | D:7      | Found a glowing silver altar of Zin.
  6955 | D:7      | Noticed an angel
  7177 | D:7      | Found Irymas's Assorted Antiques.
  7180 | D:7      | Noticed Duvessa
  7188 | D:7      | Noticed Dowan
  7190 | D:7      | Killed Duvessa
  7194 | D:7      | Killed Dowan
  7240 | D:7      | Bought an ancient silver ring for 180 gold pieces
  7241 | D:7      | Identified the ring of the Slug {rF+ rN+ Str+3 Int+4} (You
                  | bought it in a shop on level 7 of the Dungeon)
  7406 | D:8      | Reached skill level 5 in Maces & Flails
  7779 | D:8      | Found a transporter.
  7785 | D:8      | Noticed a kobold demonologist
  7804 | D:8      | Found a transporter.
  7814 | D:8      | Killed from afar by an orc priest

Vault maps used:
D:1:      dpeg_arrival_radiant, serial_forest, infiniplex_forest_lined_corner,
          infiniplex_forest_straight_2, infiniplex_forest_lined_2,
          infiniplex_forest_end_1, infiniplex_forest_clump_small,
          infiniplex_forest_straight_3, infiniplex_forest_clump_double
D:2:      old_standard_altar, vehumet_crystals, serial_bayou_ford_a,
          nicolae_ru_sacrificial_ziggurat, uniq_jessica
D:3:      roderic_serpentine_path, corexii_corridor_pit, uniq_ijyb, uniq_robin
D:4:      kennysheep_little_box, grunt_tough_drop, uniq_natasha
D:5:      nicolae_overflow_crystal_walls, first_ration
D:6:      nicolae_overflow_hidden_temple, minmay_temple_entry_statues_fountains,
          serial_shops, shop, kennysheep_generic_room_3,
          uniq_crazy_yiuf_cottage, uniq_grinder, uniq_edmund
D:7:      kennysheep_mini_moat, zin_angel, gammafunk_temple_overflow_statue,
          serial_shops, shop, uniq_duvessa
D:8:      gammafunk_wand_slinger, serial_shops, shop, shop,
          gammafunk_ghost_spectres
Temple:   compressed_dpeg_triangle_lava_temple

Skill      XL: |  1  2  3  4  5  6  7  8  9 |
---------------+----------------------------+-----
Fighting       | 4 5 6 7 8 9 |  9.9
Axes           | 4 5 6 7 8 9 |  9.0
Armour         | 3 4 5 6 8 9 |  9.6
Maces & Flails | 5 |  5.9
Dodging        | |  2.1

Action                   |  1- 3 |  4- 6 |  7- 9 || total
-------------------------+-------+-------+-------++-------
Melee: Dagger            |    23 |       |       ||    23
       Hand axe          |    14 |   193 |    95 ||   302
       Headbutt          |     6 |    28 |    55 ||    89
       War axe           |       |       |   123 ||   123
       Mace              |       |       |    70 ||    70
Throw: Throwing net      |       |     2 |       ||     2
Invok: Berserk           |       |     1 |     4 ||     5
  Use: Scroll            |       |     3 |     7 ||    10
       Potion            |       |       |     1 ||     1
  Eat: Chunk             |       |     9 |     7 ||    16
       Ration            |       |       |     3 ||     3
Armor: Animal skin       |     8 |     2 |       ||    10
       Ring mail         |       |    34 |       ||    34
       Chain mail        |       |    30 |   142 ||   172
Dodge: Dodged            |    24 |    85 |   112 ||   221
Block: Other             |       |       |     6 ||     6

Table legend:
 A = Non-vault XP
 B = Vault XP
 C = Vault XP percentage of total XP
 D = Non-vault monster count
 E = Vault monster count
 F = Vault count percentage of total count
                 A         B        C        D         E       F
            +---------+---------+-------+---------+---------+-------
      Total |    3922 |     884 |  18.4 |     175 |      24 |  12.1
            +---------+---------+-------+---------+---------+-------
        D:1 |      55 |       0 |   0.0 |      29 |       0 |   0.0
        D:2 |     101 |      37 |  26.8 |      20 |       1 |   4.8
        D:3 |      40 |      72 |  64.3 |      18 |      13 |  41.9
        D:4 |     587 |      72 |  10.9 |      26 |       5 |  16.1
        D:5 |     736 |       0 |   0.0 |      30 |       0 |   0.0
        D:6 |     753 |     487 |  39.3 |      19 |       3 |  13.6
        D:7 |    1378 |     216 |  13.6 |      28 |       2 |   6.7
        D:8 |     272 |       0 |   0.0 |       5 |       0 |   0.0
            +---------+---------+-------+---------+---------+-------
